 Dungeon Crawl Stone Soup version 0.20.1-1-g8b1a95d (webtiles) character file.

15180 Inarius the Artisan of Death (level 11, 0/80 HPs)
             Began as a Demonspawn Necromancer on July 5, 2017.
             Was a Priest of Kikubaaqudgha.
             Slain by a minotaur
             ... wielding a +0 spear of venom
              (9 damage)
             ... in a labyrinth.
             The game lasted 01:21:20 (17548 turns).

Inarius the Artisan of Death (DsNe)                Turns: 17548, Time: 01:21:22

Health: 0/80       AC: 23    Str: 14    XL:     11   Next: 98%
Magic:  16/33      EV: 11    Int: 19    God:    Kikubaaqudgha [***...]
Gold:   493        SH:  0    Dex: 14    Spells: 3/29 levels left

rFire    . . .     SeeInvis .   f - +2 war axe of Action {pain, *Slow +Inv MR++ Dex+3} (curse)
rCold    + + .     Gourm    .   (no shield)
rNeg     . . .     Faith    .   B - +0 scale mail
rPois    .         Spirit   .   s - +1 helmet
rElec    .         Reflect  .   x - +0 cloak
rCorr    .         Harm     .   a - +0 pair of gloves
MR       ++...                  (boots unavailable)
Stlth    +.........             u - amulet of magic regeneration
Regen    0.3/turn               e - ring of magical power
MPRegen  0.4/turn               S - +2 ring of protection

@: lethally poisoned (0 -> -41), sanguine armour
A: talons 3, clumsy 1, cold resistance 2, strong 2, sanguine armour 2
a: Receive Corpses, Renounce Religion, Evoke Invisibility


You were in a labyrinth.
You worshipped Kikubaaqudgha.
Kikubaaqudgha was most pleased with you.
You were not hungry.

You visited 3 branches of the dungeon, and saw 16 of its levels.
You also visited: Labyrinth.

You collected 883 gold pieces.
You spent 390 gold pieces at shops.

Inventory:

Hand Weapons
 f - the cursed +2 war axe of Action (weapon) {pain, *Slow +Inv MR++ Dex+3}
   (You found it on level 11 of the Dungeon)

   In the hands of one skilled in necromantic magic, it inflicts extra damage on
   living creatures.
   It affects your dexterity (+3).
   It affects your resistance to hostile enchantments.
   It lets you turn invisible.
   It may slow you when you take damage.
   It has a curse placed upon it.
 K - a +0 dagger of venom
 O - the +6 falchion of Kouq {freeze, rN+ Str+2, unknown}
   (You found it on level 1 of the Lair of Beasts)

   It has been specially enchanted to freeze those struck by it, causing extra
   injury to most foes and up to half again as much damage against particularly
   susceptible opponents.
   It can also slow down cold-blooded creatures.
   It affects your strength (+2).
   It protects you from negative energy.
 W - a +1 trident of protection
Armour
 a - a +0 pair of gloves (worn)
 s - a +1 helmet (worn)
 x - a +0 cloak (worn)
 B - a +0 scale mail (worn)
 C - a scarf of resistance
Jewellery
 e - a ring of magical power (left hand)
 n - an uncursed ring of stealth {unknown}
 u - an amulet of magic regeneration (around neck)
 y - an uncursed ring of fire
 S - a +2 ring of protection (right hand)
 Y - an uncursed ring of flight {unknown}
Wands
 b - a wand of iceblast (9/15)
 p - a wand of iceblast (7/15)
 P - a wand of flame (6/48)
 Q - a wand of digging (11/24)
 V - a wand of clouds (7/9)
Scrolls
 c - 2 scrolls of enchant weapon
 d - a scroll of acquirement {unknown}
 i - a scroll of immolation
 l - 4 scrolls of enchant armour
 w - 2 scrolls of amnesia
 E - 3 scrolls of fog
 F - a scroll of blinking
 J - 5 scrolls of recharging
 R - a scroll of silence {unknown}
Potions
 g - a potion of resistance
 h - 5 potions of lignification
 k - a potion of flight
 m - 2 potions of ambrosia {unknown}
 o - 2 potions of brilliance {unknown}
 t - a potion of haste
 G - a potion of mutation
 H - 3 potions of invisibility {unknown}
 I - 2 potions of cancellation {unknown}
 Z - a potion of magic {unknown}
Books
 L - Kikubaaqudgha's Almanac of Unholy Arts
   (Kikubaaqudgha gifted it to you on level 11 of the Dungeon)

   Spells                             Type                      Level
   a - Animate Dead                   Necromancy                   4
   b - Excruciating Wounds            Charms/Necromancy            5
   c - Agony                          Necromancy                   5
   d - Dispel Undead                  Necromancy                   5
   e - Simulacrum                     Ice/Necromancy               6
 M - Kikubaaqudgha's Compendium of Sinister Arts
   (Kikubaaqudgha gifted it to you on level 7 of the Dungeon)

   Spells                             Type                      Level
   a - Animate Skeleton               Necromancy                   1
   b - Corpse Rot                     Necromancy                   2
   c - Sublimation of Blood           Necromancy                   2
   d - Vampiric Draining              Necromancy                   3
   e - Control Undead                 Necromancy                   4
Comestibles
 j - 6 royal jellies
 r - 11 meat rations
 N - 5 bread rations
 X - 8 fruits


   Skills:
 + Level 5.3 Fighting
 - Level 0.8 Short Blades
 * Level 3.4 Axes
 - Level 6.0 Armour
 + Level 4.6 Dodging
 - Level 1.7 Stealth
 + Level 9.9 Spellcasting
 + Level 2.0 Charms
 + Level 13.6 Necromancy


You had 3 spell levels left.
You knew the following spells:

 Your Spells              Type           Power        Failure   Level  Hunger
a - Pain                  Necr           ####         1%          1    None
b - Animate Skeleton      Necr           N/A          1%          1    None
c - Vampiric Draining     Necr           ######....   1%          3    None
d - Regeneration          Chrm/Necr      #####.....   3%          3    None
e - Control Undead        Necr           ######....   1%          4    ###....
f - Animate Dead          Necr           N/A          1%          4    ###....
g - Dispel Undead         Necr           ######..     2%          5    #####..
h - Agony                 Necr           ######..     2%          5    #####..


Dungeon Overview and Level Annotations

Branches:
Dungeon (12/15)            Temple (1/1) D:5            Lair (3/6) D:9
  Snake (0/4) Lair:3          Orc (0/2) D:11
  Swamp: Lair:2-4    Shoals: Lair:2-4

Altars:
Ashenzari
Cheibriados
Dithmenos
Fedhas
Gozag
Kikubaaqudgha
Makhleb
Nemelex Xobeh
Okawaru
Qazlal
Ru
Sif Muna
Trog
Uskayaw
Vehumet
Zin
The Shining One

Shops:
D:5 %   D:6 =

Annotations:
D:4 miragecloak's ghost, amateur GrMo
D:6 Haldmier's ghost, novice TrTm


Innate Abilities, Weirdness & Mutations

You have claws for feet.
When seriously injured, your bleeding wounds create thick armour. (AC +9)
You are clumsy. (Dex -2)
Your flesh is very cold resistant. (rC++)
Your muscles are very strong. (Str +4)


Message History

You feel life coursing into your body.
You feel sick.
The minotaur hits you with a spear of venom!
* * * LOW HITPOINT WARNING * * *
You are more poisoned.
The minotaur gores you.
* * * LOW HITPOINT WARNING * * *
Okay, then.
Unknown command.
Casting: Vampiric Draining
Confirm with . or Enter, or press ? or * to list all spells.
Aiming: Vampiric Draining
Press: ? - help, Shift-Dir - straight line, f/p - minotaur
Aim: a minotaur, wielding a spear of venom and wearing a runed chain mail (severely wounded)
The minotaur is almost dead.
You feel life coursing into your body.
* * * LOW HITPOINT WARNING * * *
You feel very sick.
The minotaur hits you with a spear of venom!
You die...
Kikubaaqudgha rasps: "You have failed me!
Welcome... death!"

# ## ## .#.#
. ... ....
#..# #'## .
# #... .
....# #
###.. .##. #
# #.........
# ###.# #.#
#####.# .#
#.
.#.H.#.....#
.# #.##
#.#.#@# .#
.#...#.H.#
## #.#.#
#####
.#.#.#.#...
# # #.
.#.#.#.#
.... . .#.#.
. .
#########.#
# # .# .# .
. # ## # # #
. #.


You could see a minotaur.

Vanquished Creatures
  The ghost of Thaneod the Fighter, a novice MiBe of Trog (D:9)
  4 two-headed ogres
  A black mamba (Lair:1)
  4 gargoyles (Lab)
  2 spiny frogs
  2 komodo dragons
  A troll (D:11)
  8 blink frogs
  A slime creature (D:11)
  4 hippogriffs
  A spriggan (D:7)
  4 yaks (D:8)
  A wyvern (Lair:3)
  2 water moccasins (Lair:2)
  3 porcupines
  5 ice beasts
  2 phantoms
  2 orc warriors
  3 sky beasts
  A black bear (D:9)
  3 ogres
  A necrophage (D:8)
  An eye of draining (D:9)
  2 crocodiles
  6 centaurs
  A big kobold (D:6)
  2 bullfrogs
  3 scorpions
  5 wights
  2 howler monkeys
  3 crimson imps
  A quasit (D:7)
  2 centaur zombies
  2 hounds
  2 jellies
  A centaur skeleton (D:4)
  7 orc priests
  A bullfrog skeleton (D:6)
  10 orc wizards
  An iguana (D:7)
  2 hell rats (Lair:1)
  6 worker ants
  A hound zombie (D:8)
  2 worker ant zombies
  11 adders
  5 gnolls
  10 river rats (Lair:1)
  2 shadow imps (D:11)
  An ooze (D:4)
  2 adder zombies
  3 worms
  2 adder skeletons
  4 dart slugs
  3 leopard geckos
  29 orcs
  5 ball pythons
  3 giant cockroaches
  4 goblins
  11 hobgoblins
  5 jackals
  2 quokkas
  7 bats
  7 frilled lizards
  10 kobolds
  A leopard gecko skeleton (D:5)
  5 rats
251 creatures vanquished.

Vanquished Creatures (collateral kills)
  A two-headed ogre (D:10)
  A blink frog (Lair:1)
  A wyvern (D:8)
  2 water moccasins
  An orc warrior (D:11)
  2 centaurs
  3 bullfrogs
  4 wights
  A howler monkey (D:8)
  A centaur zombie (D:10)
  A crimson imp (D:11)
  An orc wizard (D:5)
  2 worker ants
  A gnoll (D:10)
  2 adders
  A shadow imp (D:6)
  An adder zombie (D:5)
  An adder skeleton (D:5)
  A worm (D:3)
  A leopard gecko (D:1)
  3 orcs
  2 giant cockroaches
  A goblin (D:1)
  A hobgoblin (D:1)
  A jackal (D:3)
  2 kobolds
  A quokka (D:6)
  A ball python skeleton (D:4)
41 creatures vanquished.

Vanquished Creatures (others)
  A kobold (D:7)
1 creature vanquished.

Grand Total: 293 creatures vanquished

Notes
Turn   | Place    | Note
-------+----------+-------------------------------------------
     0 | D:1      | Inarius the Demonspawn Necromancer began the quest for the Orb.
     0 | D:1      | Reached XP level 1. HP: 13/13 MP: 3/3
   118 | D:1      | Learned a level 1 spell: Animate Skeleton
   299 | D:1      | Gained mutation: You have sharp toenails. [demonic ancestry]
   299 | D:1      | Reached XP level 2. HP: 4/20 MP: 1/5
  1324 | D:1      | Reached skill level 1 in Fighting
  1707 | D:1      | Gained mutation: You have razor-sharp toenails. [demonic ancestry]
  1707 | D:1      | Reached XP level 3. HP: 26/26 MP: 4/6
  1863 | D:2      | Learned a level 3 spell: Vampiric Draining
  1910 | D:2      | Reached skill level 5 in Necromancy
  2672 | D:2      | Reached XP level 4. HP: 26/32 MP: 2/8
  3073 | D:3      | Learned a level 3 spell: Regeneration
  3722 | D:1      | Reached skill level 1 in Armour
  3722 | D:1      | Reached XP level 5. HP: 28/37 MP: 1/9
  5047 | D:3      | Gained mutation: You have claws for feet. [demonic ancestry]
  5047 | D:3      | Reached XP level 6. HP: 33/44 MP: 3/11
  5187 | D:4      | Learned a level 4 spell: Control Undead
  5568 | D:4      | Found a snail-covered altar of Cheibriados.
  5761 | D:4      | Noticed miragecloak's ghost (amateur GrMo)
  6411 | D:4      | Found a stormy altar of Qazlal.
  7008 | D:5      | Entered Level 5 of the Dungeon
  7296 | D:5      | Reached skill level 6 in Necromancy
  7513 | D:5      | Gained mutation: When seriously injured, your bleeding wounds create armour. (AC +9) [demonic ancestry]
  7513 | D:5      | Reached XP level 7. HP: 43/51 MP: 1/13
  7893 | D:5      | Found a staircase to the Ecumenical Temple.
  7902 | Temple   | Entered the Ecumenical Temple
  7971 | Temple   | Became a worshipper of Kikubaaqudgha
  8063 | D:5      | Found Ylumanon's Food Emporium.
  8258 | D:6      | Reached skill level 7 in Necromancy
  8408 | D:6      | Found a blossoming altar of Fedhas.
  8408 | D:6      | Found a deep blue altar of Sif Muna.
  8436 | D:6      | Found Nynam's Jewellery Shoppe.
  8624 | D:6      | Noticed Haldmier's ghost (novice TrTm)
  8736 | D:6      | Reached XP level 8. HP: 48/58 MP: 6/14
  9105 | D:6      | Reached skill level 8 in Necromancy
 10022 | D:7      | Reached * piety under Kikubaaqudgha
 10022 | D:7      | Identified Kikubaaqudgha's Compendium of Sinister Arts (Kikubaaqudgha gifted it to you on level 7 of the Dungeon)
 10022 | D:7      | Received a gift from Kikubaaqudgha
 10022 | D:7      | Reached skill level 9 in Necromancy
 10301 | D:8      | You fall through a shaft!
 10455 | D:9      | Reached skill level 1 in Charms
 10455 | D:9      | Gained mutation: When seriously injured, your bleeding wounds create thick armour. (AC +9) [demonic ancestry]
 10455 | D:9      | Reached XP level 9. HP: 56/64 MP: 2/15
 10504 | D:9      | Learned a level 4 spell: Animate Dead
 10692 | D:9      | Noticed Thaneod's ghost (novice MiBe)
 10866 | D:9      | Noticed a two-headed ogre
 10892 | D:9      | You fall through a shaft for 3 floors!
 10897 | D:12     | Noticed a troll
 10957 | D:12     | Noticed a deep elf mage
 11229 | D:10     | Entered Level 10 of the Dungeon
 11272 | D:9      | Gained mutation: You are clumsy. (Dex -2) [mutagenic meat]
 11273 | D:9      | Gained mutation: Your muscles are strong. (Str +2) [mutagenic meat]
 11274 | D:9      | Gained mutation: Your flesh is cold resistant. (rC+) [mutagenic meat]
 11276 | D:9      | Gained mutation: Your flesh is very cold resistant. (rC++) [mutagenic meat]
 11277 | D:9      | Gained mutation: You evolve. [mutagenic meat]
 11288 | D:9      | Found a staircase to the Lair.
 11297 | D:9      | Noticed a two-headed ogre
 11426 | D:8      | Reached skill level 5 in Armour
 11426 | D:8      | Reached skill level 10 in Necromancy
 11549 | D:8      | Reached skill level 5 in Spellcasting
 11826 | D:6      | Gained mutation: Your muscles are very strong. (Str +4) [evolution]
 11826 | D:6      | Lost mutation: You evolve. [end of evolution]
 11870 | D:6      | Bought an uncursed amulet of magic regeneration for 390 gold pieces
 12528 | D:9      | Killed a two-headed ogre
 12528 | D:9      | Reached skill level 11 in Necromancy
 12675 | D:8      | Reached ** piety under Kikubaaqudgha
 12675 | D:8      | Reached XP level 10. HP: 52/73 MP: 15/18
 12993 | D:9      | Noticed a two-headed ogre
 13006 | D:9      | Killed a two-headed ogre
 13185 | D:9      | Killed a two-headed ogre
 13495 | D:10     | Noticed a two-headed ogre
 13505 | D:10     | Killed a two-headed ogre
 13505 | D:10     | Reached skill level 12 in Necromancy
 14052 | D:10     | Noticed a two-headed ogre
 14061 | D:10     | Killed a two-headed ogre
 14061 | D:10     | Reached skill level 5 in Fighting
 14205 | D:11     | Noticed a sea snake
 14215 | D:11     | Reached XP level 11. HP: 79/79 MP: 23/23
 14248 | D:11     | Reached *** piety under Kikubaaqudgha
 14248 | D:11     | Identified Kikubaaqudgha's Almanac of Unholy Arts (Kikubaaqudgha gifted it to you on level 11 of the Dungeon)
 14248 | D:11     | Received a gift from Kikubaaqudgha
 14260 | D:11     | Learned a level 5 spell: Dispel Undead
 14411 | D:11     | Learned a level 5 spell: Agony
 14509 | D:11     | Found a staircase to the Orcish Mines.
 14660 | D:11     | Noticed a seven-headed hydra
 14886 | D:11     | Noticed a sea snake
 14976 | D:11     | Got a transparent war axe
 15047 | D:9      | Killed Thaneod's ghost
 15060 | Lair:1   | Entered Level 1 of the Lair of Beasts
 15093 | Lair:1   | Reached skill level 13 in Necromancy
 15148 | Lair:1   | Got a faintly glowing falchion
 15443 | Lair:1   | Identified the cursed +2 war axe of Action {pain, *Slow +Inv MR++ Dex+3} (You found it on level 11 of the Dungeon)
 15848 | Lair:1   | Reached skill level 1 in Axes
 16113 | Lair:2   | Identified the Collected Works on Battle Magic and Intoxication
 16815 | Lair:3   | Found a labyrinth entrance.
 16824 | Lab      | Entered a labyrinth
 17526 | Lab      | Noticed a minotaur
 17548 | Lab      | Slain by a minotaur

Skill      XL: |  1  2  3  4  5  6  7  8  9 10 11 |
---------------+----------------------------------+-----
Fighting       | 1 2 3 4 5 |  5.3
Necromancy     | 5 6 7 9 11 12 13 | 13.6
Spellcasting   | 3 4 5 8 9 |  9.9
Armour         | 1 2 3 4 5 6 |  6.0
Dodging        | 2 3 4 |  4.6
Charms         | 1 2 |  2.0
Axes           | 3 |  3.4
Short Blades   | |  0.8
Stealth        | |  1.7

Action                   |  1- 3 |  4- 6 |  7- 9 | 10-12 || total
-------------------------+-------+-------+-------+-------++-------
Melee: Dagger            |    42 |   174 |   365 |   264 ||   845
       Unarmed           |     4 |       |       |       ||     4
       Kick              |     7 |    33 |    82 |   118 ||   240
       War axe           |       |       |       |   133 ||   133
 Cast: Pain              |    69 |   142 |    81 |    68 ||   360
       Animate Skeleton  |    14 |    20 |    27 |    16 ||    77
       Vampiric Draining |     1 |     8 |    29 |    79 ||   117
       Control Undead    |       |     3 |    11 |     4 ||    18
       Regeneration      |       |     1 |    11 |    27 ||    39
       Animate Dead      |       |       |     4 |    15 ||    19
       Dispel Undead     |       |       |       |     8 ||     8
  Use: Scroll            |     4 |     9 |    14 |     6 ||    33
       Potion            |     1 |     5 |       |    12 ||    18
 Stab: Distracted        |     1 |       |     1 |       ||     2
  Eat: Chunk             |     6 |     4 |    19 |    13 ||    42
       Bread ration      |       |     3 |     2 |     2 ||     7
       Fruit             |       |       |     2 |     2 ||     4
Armor: Robe              |    20 |     1 |       |       ||    21
       Skin              |     8 |    13 |       |       ||    21
       Ring mail         |       |   103 |   166 |    44 ||   313
       Scale mail        |       |       |       |   132 ||   132
Dodge: Dodged            |    65 |   132 |   171 |   234 ||   602
